 Dungeon Crawl Stone Soup version 0.19.5 (webtiles) character file.

49 Locuples the Skirmisher (level 3, 0/45 HPs)
             Began as a Demonspawn Berserker on May 5, 2017.
             Was a Believer of Trog.
             Slain by a worm (2 damage)
             ... on level 2 of the Dungeon.
             The game lasted 00:02:30 (1383 turns).

Locuples the Skirmisher (Demonspawn Berserker)      Turns: 1383, Time: 00:02:31

Health: 0/45       AC: 21    Str: 17 (18) XL:     3   Next: 53%
Magic:  3/3        EV:  2    Int:  7 (8)  God:    Trog [**....]
Gold:   70         SH:  0    Dex: 11 (12) Spells: 0 memorised, 2 levels left

rFire  . . .     SeeInvis .     a - +0 hand axe
rCold  . . .     Gourm    .     (armour currently unavailable)
rNeg   + + +     Faith    .     (no shield)
rPois  +         Spirit   .     (helmet currently unavailable)
rElec  .         Reflect  .     (cloak currently unavailable)
rCorr  .         Harm     .     (gloves currently unavailable)
MR     .....     NoTele   +     (boots currently unavailable)
Stlth  +.........               (no amulet)
                                (no ring)
                                (no ring)

@: tree-form
A: (thin metallic scales 0), (cold resistance 0)
a: Berserk, Trog's Hand, Burn Spellbooks, Renounce Religion


You were on level 2 of the Dungeon.
You worshipped Trog.
Trog was pleased with you.
You were hungry.
You were a tree.
You visited 1 branch of the dungeon, and saw 2 of its levels.

You collected 70 gold pieces.

Inventory:

Hand Weapons
 a - a +0 hand axe (weapon)
Armour
 d - a +0 chain mail (melded)
Scrolls
 g - 3 scrolls of teleportation {unknown}
 i - a scroll of identify {unknown}
 j - 2 scrolls of blinking {unknown}
 k - a scroll of fear {unknown}
 n - a scroll of amnesia {unknown}
 o - a scroll of enchant armour {unknown}
Potions
 e - a potion of lignification
 p - a potion of brilliance {unknown}
Books
 m - a book of Cantrips

   Spells                             Type                      Level
   a - Confusing Touch                Hexes                        1
   b - Animate Skeleton               Necromancy                   1
   c - Summon Small Mammal            Summoning                    1
   d - Apportation                    Translocation                1
   Trog disapproves of the use of such an item.
Comestibles
 c - 2 bread rations
 f - 2 slices of pizza
 h - 2 beef jerkies
 l - a meat ration


   Skills:
 + Level 3.7 Fighting
 + Level 3.6 Axes
 - Level 1.7 Armour
 - Level 1.7 Dodging


You had 2 spell levels left.
You didn't know any spells.

Dungeon Overview and Level Annotations

Branches:
Dungeon (2/15)

Altars:
Gozag


Innate Abilities, Weirdness & Mutations

((You are partially covered in thin metallic scales. (AC +2)))
((Your flesh is cold resistant. (rC+)))


Message History

The worm is moderately wounded.
Your chain mail prevents you from hitting the worm.
The worm is moderately wounded.
The worm bites you.
* * * LOW HITPOINT WARNING * * *
It was a potion of lignification.
You turn into a tree.
Your +0 chain mail melds into your body.
Your roots penetrate the ground.
The worm barely misses you.
You barely miss the worm.
The worm is lightly wounded.
You hit the worm.
The worm is moderately wounded.
The worm bites you but does no damage.
It was a potion of degeneration.
There was something very wrong with that liquid.
You feel weakened.
You feel dopey.
You feel clumsy.
You hit the worm.
The worm is moderately wounded.
The worm bites you.
You die...

..........# #.#
#........# #.# #
#........##########.##
#.#....................#
.........#.#############
.........#.#
.........#.#
.........#.#
#######♣.#.#
......w..#.#
..#...####.# ......
..#.. ..... ####


You could see a worm.

Vanquished Creatures
  2 adders (D:2)
  A dart slug (D:1)
  2 giant cockroaches (D:1)
  4 goblins (D:1)
  5 hobgoblins
  7 kobolds
  A quokka (D:2)
  2 bats (D:1)
  2 frilled lizards (D:2)
  2 rats (D:1)
28 creatures vanquished.

Notes
Turn   | Place    | Note
-------+----------+-------------------------------------------
     0 | D:1      | Locuples the Demonspawn Berserker began the quest for the Orb.
     0 | D:1      | Reached XP level 1. HP: 18/18 MP: 1/1
   131 | D:1      | Gained mutation: You are partially covered in thin metallic scales. (AC +2) [demonic ancestry]
   131 | D:1      | Reached XP level 2. HP: 24/24 MP: 2/2
   900 | D:2      | Found an opulent altar of Gozag.
  1017 | D:2      | Gained mutation: Your flesh is cold resistant. (rC+) [demonic ancestry]
  1017 | D:2      | Reached XP level 3. HP: 29/29 MP: 3/3
  1157 | D:2      | Reached ** piety under Trog
  1378 | D:2      | HP: 1/30 [worm (2)]
  1383 | D:2      | Slain by a worm

Skill      XL: |  1 |
---------------+----+-----
Axes           | 3 |  3.6
Fighting       | |  3.7
Armour         | |  1.7
Dodging        | |  1.7

Action                   || total
-------------------------++-------
Melee: Hand axe          ||   111
  Use: Potion            ||     2
  Eat: Chunk             ||     1
Armor: Chain mail        ||    58
       Skin              ||     1
Dodge: Dodged            ||    36
